 Dungeon Crawl Stone Soup version 0.32-a0-931-g5a2cda0630 (webtiles) character file.

Game seed: 3748750845603291117

753 Biggs the Cutter (level 7, -3/34 HPs)
             Began as a Vine Stalker Brigand on Apr 14, 2024.
             Was a Follower of Wu Jian.
             Slain by an ogre
             ... wielding a +0 giant club
              (20 damage)
             ... on level 5 of the Dungeon.
             The game lasted 00:08:52 (1751 turns).

Biggs the Cutter (Vine Stalker Brigand)             Turns: 1751, Time: 00:08:52

Health: -3/34      AC:  9    Str: 14    XL:     7   Next: 78%
Magic:  0/8        EV: 10    Int: 11    God:    Wu Jian [*.....]
Gold:   235        SH:  0    Dex: 17    Spells: 6/6 levels left

rFire   . . .        a - +3 dagger
rCold   + . .        (no shield)
rNeg    . . .        v - +2 ring mail {rC+}
rPois   +            (no helmet)
rElec   .            c - +0 cloak
rCorr   .            (no gloves)
SInv    .            r - +0 pair of boots
Will    .....        (no amulet)
Stlth   ++           s - +4 ring of slaying
HPRegen 1.05/turn    u - ring of poison resistance
MPRegen 0.11/turn

%: guardian spirit
@: no status effects
A: fangs 2, regeneration 1, magic shield, antimagic bite, no potion heal 2
a: Renounce Religion


You were on level 5 of the Dungeon.
You worshipped Wu Jian.
Wu Jian was aware of your devotion.
You visited 1 branch of the dungeon, and saw 5 of its levels.
You also visited: Sewer.

You collected 235 gold pieces.

Inventory:

Hand Weapons
 a - a +3 dagger (weapon)
 w - a +0 rapier
Missiles
 d - 9 poisoned darts (quivered)
 e - 3 curare-tipped darts
Armour
 b - a +0 robe
 c - a +0 cloak (worn)
 l - a +0 leather armour
 r - a +0 pair of boots (worn)
 v - a +2 ring mail of cold resistance (worn)
Jewellery
 s - a +4 ring of slaying (left hand)
 u - a ring of poison resistance (right hand)
Wands
 k - a wand of roots (7)
Scrolls
 g - 3 scrolls of enchant weapon
 h - 3 scrolls of revelation
 j - 3 scrolls of fear
 m - a scroll of vulnerability
 n - a scroll of amnesia
 q - 2 scrolls of blinking
 x - a scroll of acquirement {unknown}
 y - a scroll of summoning {unknown}
Potions
 f - 2 potions of attraction {unknown}
 i - 4 potions of enlightenment
 o - 3 potions of brilliance {unknown}
 p - a potion of heal wounds {unknown}
 t - a potion of might {unknown}


   Skills:
 - Level 1.7 Fighting
 - Level 7.2 Short Blades
 - Level 1.7 Throwing
 + Level 2.6 Dodging
 - Level 4.8 Stealth


You had 6 spell levels left.
You didn't know any spells.
Your spell library was empty.

Dungeon Overview and Level Annotations

Branches:
Dungeon (5/15)             Temple (0/1) D:4           Sewer (visited)

Altars:
Wu Jian

Shops:
D:4 :


Innate Abilities, Weirdness & Mutations

You have extremely sharp teeth.
Your natural rate of healing is unusually fast.
When hurt, damage is shared between your health and your magic reserves.
Your bite disrupts and absorbs the magic of your enemies.
Potions cannot restore your health.


Message History

Unknown command.
You barely miss the quokka. You bite the quokka.
You kill the quokka!
The Council accepts your kill.
An orc comes into view. It is wielding a +0 club.
An ogre comes into view. It is wielding a +0 giant club.
You see here a wand of roots (7).
Unknown command.
k - a wand of roots (7)
The ogre shouts!
You hear a shout! x2; You hear an angry hiss.
You hear a shout!
The ogre barely misses you.
An orc comes into view. It is wielding a +0 club.
You spin and attack the ogre repeatedly.
The orc shouts!
You hit the ogre.
The ogre is lightly wounded.
You closely miss the ogre. Your bite misses the ogre.
The ogre is lightly wounded.
An orc comes into view. It is wielding a +0 club.
An orc comes into view. It is wielding a +0 hand axe.
The ogre hits you with a +0 giant club.
The orc moves out of view.
You barely miss the ogre.
The ogre is lightly wounded.
An orc comes into view. It is wielding a +0 dagger.
You hit the ogre.
The ogre is lightly wounded.
Unknown command.
You hit the ogre. You bite the ogre. You drain its power.
You feel invigorated.
The ogre is heavily wounded.
The ogre hits you with a +0 giant club!!
Ouch! That really hurt!
You hear a shout!
You hit the ogre. Your bite misses the ogre.
The ogre is heavily wounded.
You hit the ogre. You bite the ogre. You drain its power.
You feel invigorated.
The ogre is severely wounded.
The ogre hits you with a +0 giant club!!
Ouch! That really hurt!
You die...

** #.#..#...# ,*
#.##.#.#.# ,*
****#.####...#
,****,,,#.# #.###
,,,,,,,,#.* #...#
,,,,*,,,*,** #.#.#
,**,**,*,,,**#...#
,**,**,,,,,,,#.#.#
,**,****,,,**#.O@# ***,*
**,** #.#o#****** * *,*
*,* #...#,,,,,* ***,*
*,***#o###****,* ,,,,*
**+**,o.# **,** *****
**,,,,o##* **,,,* *
**,,,,.#* **,,,,* **
**,,,,..,** **,,,,,*
,****,,,,,,,,,****,,,****


You could see an ogre and 4 orcs.

Vanquished Creatures
  Sigmund (D:4)
  Eustachio (D:4)
  An ice beast (D:4)
  A phantom (D:5)
  A hound (D:5)
  An orc priest (D:3)
  3 orc wizards
  5 adders
  A river rat (D:4)
  5 ribbon worms
  A dart slug (D:5)
  7 orcs
  11 bats
  4 endoplasms
  7 giant cockroaches
  3 goblins
  A hobgoblin (D:3)
  6 jackals
  A quokka (D:5)
  8 ball pythons
  3 frilled lizards
  3 kobolds
  6 rats
81 creatures vanquished.

Notes
Turn   | Place    | Note
-------+----------+-------------------------------------------
     0 | D:1      | Biggs the Vine Stalker Brigand began the quest for the Orb.
     0 | D:1      | Reached XP level 1. HP: 11/11 MP: 2/2
   147 | D:1      | Reached skill level 2 in Short Blades
   209 | D:1      | Reached XP level 2. HP: 15/15 MP: 3/3
   391 | D:2      | Reached skill level 3 in Short Blades
   445 | D:2      | Reached XP level 3. HP: 18/18 MP: 4/4
   720 | D:3      | Reached XP level 4. HP: 17/23 MP: 5/5
   727 | D:3      | Reached skill level 4 in Short Blades
   819 | D:3      | Found an ornate altar of the Wu Jian Council.
   824 | D:3      | Became a worshipper of the Wu Jian Council
   885 | D:3      | Found a faded altar of an unknown god.
   947 | D:3      | Reached XP level 5. HP: 26/26 MP: 6/6
  1028 | D:4      | Noticed Eustachio
  1058 | D:4      | Killed Eustachio
  1059 | D:4      | Reached skill level 5 in Short Blades
  1059 | D:4      | Reached XP level 6. HP: 26/30 MP: 4/7
  1082 | D:4      | Found Beorr's Book Shop.
  1107 | D:4      | Noticed Sigmund
  1115 | D:4      | Killed Sigmund
  1116 | D:4      | Reached skill level 6 in Short Blades
  1133 | D:4      | Found a staircase to the Ecumenical Temple.
  1139 | D:4      | Reached XP level 7. HP: 34/34 MP: 8/8
  1160 | D:4      | Reached * piety under Wu Jian
  1171 | D:4      | Found a glowing drain.
  1190 | Sewer    | Entered a sewer
  1505 | D:4      | Reached skill level 7 in Short Blades
  1530 | D:5      | Entered Level 5 of the Dungeon
  1557 | D:5      | Reached skill level 1 in Dodging
  1751 | D:5      | Slain by an ogre

Illustrated notes

Levels and vault maps discovered:
D:1:      eino_arrival_water_cross, layout_loops_ring, minmay_misc_feat_chi
D:2:      layout_rooms, corner_web_ring
D:3:      layout_basic, mainiacjoe_overflow_six_doors_small,
          hellmonk_ecumenical_altar_dog_temple, minmay_misc_feat_tiny
D:4:      layout_loops_cross, minmay_temple_entry_sparse_star, serial_shops,
          shop, portal_sewer_entry_b, uniq_sigmund, uniq_duvessa, uniq_eustachio
D:5:      layout_loops_corners, mainiacjoe_overflow_cross_hatched,
          gammafunk_temple_overflow_wave, hangedman_minor_gate_pass

Skill      XL: |  1  2  3  4  5  6  7 |
---------------+----------------------+-----
Short Blades   | 2 3 4 5 6 7 |  7.2
Dodging        | 2 |  2.6
Fighting       | |  1.7
Throwing       | |  1.7
Stealth        | |  4.8

Action                     |  1- 3 |  4- 6 |  7- 9 || total
---------------------------+-------+-------+-------++-------
  Melee: Dagger            |    67 |    50 |   122 ||   239
         Bite              |    16 |    13 |    35 ||    64
Ability: Lunge             |       |     4 |     8 ||    12
         Whirlwind         |       |       |    28 ||    28
    Use: Scroll            |       |       |     6 ||     6
   Stab: Sleeping          |     8 |     1 |     4 ||    13
 Armour: Robe              |    14 |       |       ||    14
         Leather armour    |    11 |       |       ||    11
         Ring mail         |     2 |    23 |    63 ||    88
  Dodge: Dodged            |    27 |    22 |    39 ||    88

Table legend: (Time is in decaauts)
 A = Elapsed time spent in this place.
 B = Non-inter-level travel time spent in this place.
 C = Inter-level travel time spent in this place.
 D = Time resting spent in this place.
 E = Time spent auto-exploring this place.
 F = Levels seen in this place.
 G = Mean time per level.
                   A        B        C        D        E       F      G
               +--------+--------+--------+--------+--------+-----+--------+
         Total |   1781 |   1768 |     13 |      0 |      0 |   6 |  296.8 |
       Dungeon |   1449 |   1436 |     13 |      0 |      0 |   5 |  289.8 |
         Sewer |    332 |    332 |      0 |      0 |      0 |   1 |  332.0 |
               +--------+--------+--------+--------+--------+-----+--------+

Top non-repeatable levels by time:
     D:3: 335 daAuts
   Sewer: 332 daAuts
     D:2: 328 daAuts
     D:1: 322 daAuts
     D:4: 252 daAuts
     D:5: 210 daAuts
